 Dungeon Crawl Stone Soup version 0.31.0-1-g2c135a008e (webtiles) character file.

Game seed: 12282239342007798815

453 qw the Trooper (level 7, -8/54 HPs)
             Began as a Djinni Hunter on Jan 23, 2024.
             Killed by divine providence
             ... invoked by an orc priest
              (11 damage)
             ... on level 5 of the Dungeon.
             The game lasted 00:00:09 (2305 turns).

qw the Trooper (Djinni Hunter)                      Turns: 2305, Time: 00:00:10

Health: -8/54      AC:  8    Str: 10    XL:     7   Next: 26%
Gold:   156        EV: 11    Int: 10    God:
                   SH:  0    Dex: 19

rFire   + + .        a - +0 shortbow
rCold   x . .        (shield currently unavailable)
rNeg    . . .        k - +0 ring mail
rPois   inf          (no helmet)
rElec   .            d - +2 cloak
rCorr   .            (no gloves)
SInv    +            (boots unavailable)
Will    +....        (no amulet)
Stlth   +            g - ring of willpower
HPRegen 0.29/turn    j - ring of see invisible
MPRegen 0.00/turn

%: infuse magic (-9 HP)
@: about to teleport, flying
A: sickness immunity, fire resistance 2, cold vulnerability 1, float, innate
caster, HP casting, extra vitality 1
a: no special abilities


You were on level 5 of the Dungeon.
You visited 1 branch of the dungeon, and saw 4 of its levels.

You collected 156 gold pieces.


Innate Abilities, Weirdness & Mutations

You are immune to sickness and miasma.
You are immune to poison.
Your flesh is very heat resistant. (rF++)
You are vulnerable to cold. (rC-)
You float through the air rather than walking.
You learn spells naturally, not from books.
Your magical power is your life essence.
You have superior vitality. (+4 MHP)


   Skills:
 - Level 5.1 Fighting
 + Level 4.6 Ranged Weapons
 - Level 2.4 Armour
 - Level 3.0 Dodging
 - Level 0.7 Stealth


You knew the following spells:

 Your Spells              Type           Power      Damage    Failure   Level
a - Sandblast             Erth           0%         2d4       67%         1
b - Mercury Vapours       Alch/Air       0%         N/A       80%         2
c - Call Canine Familiar  Summ           0%         N/A       95%         3
Your spell library was empty.

Inventory:

Hand Weapons
 a - a +0 shortbow (weapon)
Armour
 d - a +2 cloak (worn)
 i - a +0 helmet
 k - a +0 ring mail (worn)
 m - a +0 pair of gloves
Jewellery
 g - a ring of willpower (left hand)
 j - a ring of see invisible (right hand)
Scrolls
 c - a scroll of identify
 n - a scroll of enchant armour
Potions
 b - a potion of haste
 e - a potion of lignification {unknown}
 f - a potion of degeneration {unknown}
 h - a potion of curing {unknown}

Dungeon Overview and Level Annotations

Branches:
Dungeon (5/15)
 Temple: D:4-7

Altars:

Annotations:
D:2 1 runed translucent door, Crazy Yiuf


Message History

You shoot an arrow. The arrow barely misses the orc priest.
The orc priest hits you with a +0 dagger.
You shoot an arrow.
The arrow hits the orc priest but does no damage.
The orc priest is heavily wounded.
The orc priest hits you but does no damage.
You shoot an arrow. The arrow hits the orc priest.
The orc priest is heavily wounded.
The orc priest hits you but does no damage.
You shoot an arrow.
The arrow hits the orc priest but does no damage.
The orc priest is heavily wounded.
The orc priest hits you with a +0 dagger.
The orc priest looks encouraged for a moment.
You shoot an arrow.
The arrow closely misses the orc priest.
The orc priest calls down the wrath of Beogh upon you.
Pain shoots through your body!
You shoot an arrow.
The arrow hits the orc priest but does no damage.
The orc priest is heavily wounded.
The orc priest barely misses you.
The orc priest hits you with a +0 dagger.
You shoot an arrow.
The arrow hits the orc priest but does no damage.
The orc priest is heavily wounded.
The orc priest miscasts a cantrip.
You shoot an arrow. The arrow hits the orc priest.
The orc priest is almost dead.
The orc priest hits you but does no damage.
You shoot an arrow. The arrow barely misses the orc priest.
You shoot an arrow. The arrow hits the ogre.
The ogre is lightly wounded.
The ogre hits you with a +0 giant club!!
2305 ||| READING scroll of teleportation.
As you read the scroll of teleportation, it crumbles to dust.
You feel strangely unstable.
The orc priest calls down the wrath of Beogh upon you.
Beogh smites you!
You die...

...'..>#.#########..#..#
...##........#.#.......##
...##..#...................
...##..#.#.#.#.....##.#####
.......#.#.# #.##..##.#
######.#.#.# #.#....#.#
#...# # #....#.## ##..#
#........ ..# #@...#.##
#..#...o.O....#.#
#.#.....#.## # #.).......
...#........ #.........#.##
#.#.#..... .. #.#.#.#.#.#
##


You could see an ogre and an orc priest.

Vanquished Creatures
  Sigmund (D:2)
  A black bear (D:5)
  A scorpion (D:5)
  An orc priest (D:5)
  3 adders
  3 ribbon worms (D:2)
  A dart slug (D:2)
  3 orcs
  6 endoplasms
  7 goblins
  2 hobgoblins
  3 jackals (D:1)
  6 kobolds
  2 quokkas
  6 ball pythons
  6 bats
  4 frilled lizards
  15 rats
71 creatures vanquished.

Notes
Turn   | Place    | Note
-------+----------+-------------------------------------------
     0 | D:1      | qw the Djinni Hunter began the quest for the Orb.
     0 | D:1      | Reached XP level 1. HP: 18/18 MP: 0/0
     0 | D:1      | 0 ||| qw: Version: 0.3-a-134-g2ba4250
     0 | D:1      | 0 ||| qw: Game counter: 708
     0 | D:1      | 0 ||| qw: Melee chars always use a shield: true
     0 | D:1      | 0 ||| qw: God list: Okawaru
     0 | D:1      | 0 ||| qw: Allow faded altars: false
     0 | D:1      | 0 ||| qw: Do Orc after clearing Dungeon:15 true
     0 | D:1      | 0 ||| qw: Do second Lair branch before Depths: true
     0 | D:1      | 0 ||| qw: Lair rune preference: random
     0 | D:1      | 0 ||| qw: Goals: Normal
     0 | D:1      | 0 ||| PLANNING D:1-11
   134 | D:1      | Reached XP level 2. HP: 23/23 MP: 0/0
   312 | D:1      | Reached XP level 3. HP: 28/28 MP: 0/0
   312 | D:1      | Learned a level 1 spell: Sandblast
   689 | D:1      | 689 ||| UPGRADING to +2 cloak.
   694 | D:1      | 694 ||| UPGRADING to ring of willpower.
   695 | D:1      | 695 ||| READING scroll labelled POAS TU EKHYRUSIN.
   695 | D:1      | 695 ||| ENCHANTING +0 shortbow.
   696 | D:1      | 696 ||| DROPPING scroll of butterflies.
   785 | D:2      | Noticed Sigmund
   796 | D:2      | Killed Sigmund
   797 | D:2      | Reached skill level 5 in Fighting
   797 | D:2      | Reached XP level 4. HP: 31/39 MP: 0/0
   797 | D:2      | Reached XP level 5. HP: 34/43 MP: 0/0
   797 | D:2      | Learned a level 2 spell: Mercury Vapours
   797 | D:2      | Reached XP level 6. HP: 39/49 MP: 0/0
   802 | D:2      | 802 ||| FLEEEEING.
  1148 | D:2      | Reached skill level 3 in Dodging
  1348 | D:2      | Found a runed translucent door.
  1349 | D:2      | Noticed Crazy Yiuf
  1532 | D:2      | 1532 ||| UPGRADING to +0 ring mail.
  1542 | D:2      | 1542 ||| DROPPING +0 leather armour.
  1543 | D:2      | 1543 ||| UPGRADING to ring of see invisible.
  1544 | D:2      | 1544 ||| READING scroll labelled COVUAT XEID.
  1544 | D:2      | 1544 ||| IDENTIFYING red potion
  1545 | D:2      | 1545 ||| READING scroll labelled FAF HUTHRUREH.
  1624 | D:2      | 1624 ||| READING scroll labelled IZUHAMI LONA.
  2032 | D:3      | You are sucked into a shaft and drop 2 floors!
  2032 | D:5      | Entered Level 5 of the Dungeon
  2041 | D:5      | Noticed a black bear
  2049 | D:5      | 2049 ||| RETREEEEATING.
  2050 | D:5      | 2050 ||| RETREEEEATING.
  2052 | D:5      | 2052 ||| RETREEEEATING.
  2053 | D:5      | Killed a black bear
  2067 | D:5      | Reached XP level 7. HP: 39/54 MP: 0/0
  2067 | D:5      | Learned a level 3 spell: Call Canine Familiar
  2304 | D:5      | HP: 2/54 [ogre/+0 giant club (23)]
  2305 | D:5      | 2305 ||| READING scroll of teleportation.
  2305 | D:5      | Killed from afar by an orc priest

Levels and vault maps discovered:
D:1:      lemuel_arrival_tunnels, layout_basic, minmay_rat_gold_closets
D:2:      layout_basic, uniq_sigmund, uniq_crazy_yiuf_cottage
D:3:      layout_basic, serial_shops, nicolae_shop_tiny_waterfront
D:5:      layout_basic, serial_shops, shop, amcnicky_mini_corridor_feature

Skill      XL: |  1  2  3  4  5  6 |
---------------+-------------------+-----
Ranged Weapons | 4 |  4.6
Fighting       | 5 |  5.1
Dodging        | 3 |  3.0
Armour         | 2 |  2.4
Stealth        | |  0.7

Action                     |  1- 3 |  4- 6 |  7- 9 || total
---------------------------+-------+-------+-------++-------
   Fire: Shortbow          |    81 |   117 |    37 ||   235
    Use: Scroll            |     1 |     3 |     1 ||     5
 Armour: Leather armour    |    28 |    39 |       ||    67
         Ring mail         |       |    26 |    18 ||    44
  Dodge: Dodged            |    28 |    67 |    20 ||   115

Table legend:
 A = Non-vault XP
 B = Vault XP
 C = Vault XP percentage of total XP
 D = Non-vault monster count
 E = Vault monster count
 F = Vault count percentage of total count
                 A         B        C        D         E       F
            +---------+---------+-------+---------+---------+-------
      Total |     399 |     249 |  38.4 |      60 |      11 |  15.5
            +---------+---------+-------+---------+---------+-------
        D:1 |      30 |      10 |  25.0 |      19 |      10 |  34.5
        D:2 |      76 |     239 |  75.9 |      27 |       1 |   3.6
        D:3 |      16 |       0 |   0.0 |       9 |       0 |   0.0
        D:5 |     277 |       0 |   0.0 |       5 |       0 |   0.0
            +---------+---------+-------+---------+---------+-------
